 Dungeon Crawl Stone Soup version 0.30.1-3-gfc49f6343a (webtiles) character file.

Game seed: 13362203656981509929

1531 magicsmoker the Thaumaturge (level 9, -7/60 HPs)
             Began as a Djinni Conjurer on July 31, 2023.
             Was a Believer of Makhleb.
             Mangled by Joseph
             ... wielding a +0 quarterstaff
              (14 damage)
             ... on level 7 of the Dungeon.
             The game lasted 00:30:41 (5537 turns).

magicsmoker the Thaumaturge (Djinni Conjurer)       Turns: 5537, Time: 00:30:42

Health: -7/60      AC:  5    Str:  6    XL:     9   Next: 10%
Gold:   114        EV: 11    Int: 28    God:    Makhleb [**....] SH:  5 Dex: 13

rFire   + + +        t - staff of poison
rCold   x . .        B - +0 buckler
rNeg    . . .        G - +0 robe of Hedonism {rF+ Int+5}
rPois   ∞            l - +1 helmet
rElec   .            (no cloak)
rCorr   .            d - +0 pair of gloves
SInv    .            (boots unavailable)
Will    .....        (no amulet)
Stlth   ++           (no ring)
HPRegen 0.30/turn    (no ring)
MPRegen 0.00/turn

%: infuse magic (-8 HP)
@: flying
A: sickness immunity, fire resistance 2, cold vulnerability 1, float, innate
caster, HP casting, extra vitality 1
a: Renounce Religion, Minor Destruction


You were on level 7 of the Dungeon.
You worshipped Makhleb.
Makhleb was pleased with you.
You visited 2 branches of the dungeon, and saw 8 of its levels.

You collected 273 gold pieces.
You spent 159 gold pieces at shops.

Inventory:

Hand Weapons
 e - a +0 morningstar
Missiles
 p - 12 poisoned darts
 F - a throwing net
Armour
 d - a +0 pair of gloves (worn)
 l - a +1 helmet (worn)
 B - a +0 buckler (worn)
 G - the +0 robe of Hedonism (worn) {rF+ Int+5}
   (You bought it in a shop on level 7 of the Dungeon)

   Int:       It affects your intelligence (+5).
   rF:        It protects you from fire.
Magical Staves
 c - a staff of air
 t - a staff of poison (weapon)
Wands
 x - a wand of paralysis (1)
Scrolls
 b - a scroll of fear {unknown}
 f - 2 scrolls of enchant armour
 g - a scroll of fog {unknown}
 i - 5 scrolls of teleportation
 k - 2 scrolls of acquirement {unknown}
 q - 2 scrolls of poison {unknown}
 r - 2 scrolls of amnesia {unknown}
 s - 3 scrolls of enchant weapon
 u - 2 scrolls of blinking {unknown}
 y - 2 scrolls of magic mapping {unknown}
 C - a scroll of vulnerability {unknown}
 D - a scroll of summoning {unknown}
Potions
 h - 2 potions of curing
 m - 4 potions of heal wounds {unknown}
 n - a potion of invisibility {unknown}
 o - 2 potions of mutation
 v - 4 potions of attraction
 w - 4 potions of might
 z - a potion of cancellation {unknown}
 A - 2 potions of haste {unknown}
 H - a potion of brilliance {unknown}


   Skills:
 - Level 3.0 Fighting
 - Level 2.1 Dodging
 - Level 1.5 Stealth
 + Level 3.9 Shields
 - Level 8.0 Spellcasting


You knew the following spells:

 Your Spells              Type           Power      Damage    Failure   Level
a - Magic Dart            Conj           100%       1d8       1%          1
b - Searing Ray           Conj           100%       2d8       1%          2
c - Dazzling Flash        Conj/Hex       100%       N/A       1%          3
d - Fulminant Prism       Conj/Hex       27%        3d14      3%          4
e - Iskenderun's Mystic   Conj/Tloc      54%        2d12      3%          4
f - Foxfire               Conj/Fire      100%       2x1d9     1%          1
g - Lesser Beckoning      Tloc           100%       N/A       1%          2
h - Blink                 Tloc           100%       N/A       1%          2
i - Ignite Poison         Fire/Tmut/Pois 71%        N/A       1%          3
Your spell library was empty.

Dungeon Overview and Level Annotations

Branches:
Dungeon (7/15)             Temple (1/1) D:4

Altars:
Ashenzari
Cheibriados
Dithmenos
Fedhas
Gozag
Hepliaklqana
Makhleb
Nemelex Xobeh
Qazlal
Uskayaw
Wu Jian
Xom
Yredelemnul
Zin

Shops:
D:7 *

Annotations:
D:7 Joseph


Innate Abilities, Weirdness & Mutations

You are immune to sickness and miasma.
You are immune to poison.
Your flesh is very heat resistant. (rF++)
You are vulnerable to cold. (rC-)
You float through the air rather than walking.
You learn spells naturally, not from books.
Your magical power is your life essence.
You have superior vitality. (+4 MHP)


Message History

Joseph hits you with a +0 quarterstaff!
Your fulminant prism explodes!
The blast of energy engulfs Joseph!!
Joseph is severely wounded.
You hear a shout! x2
The searing ray hits Joseph.
Joseph is severely wounded.
Joseph hits you with a +0 quarterstaff!
* * * LOW HITPOINT WARNING * * *
The searing ray hits Joseph!
Joseph is almost dead.
* * * LOW HITPOINT WARNING * * *
Joseph smiles happily.
Joseph hits you with a +0 quarterstaff.
* * * LOW HITPOINT WARNING * * *
The searing ray hits Joseph.
Joseph is almost dead.
* * * LOW HITPOINT WARNING * * *
You finish channelling your searing ray.
Joseph hits you with a +0 quarterstaff.
* * * LOW HITPOINT WARNING * * *
Unknown command.
Casting: Searing Ray (safe; 1% risk of failure)
Confirm with . or Enter, or press ? or * to list all spells.
Aiming: Searing Ray (safe; 1% risk of failure)
Press: ? - help, Shift-Dir - straight line, f/p - Joseph
Aim: Joseph, wielding a +0 quarterstaff and wearing a +0 ring mail (almost dead, blind, 85% to hit)
The searing ray hits Joseph.
Joseph is almost dead. (Press . to maintain the ray.)
* * * LOW HITPOINT WARNING * * *
Joseph hits you with a +0 quarterstaff.
* * * LOW HITPOINT WARNING * * *
The searing ray hits Joseph but does no damage.
Joseph is almost dead.
* * * LOW HITPOINT WARNING * * *
Joseph closely misses you.
You feel better.
Joseph is no longer blind.
Joseph hits you with a +0 quarterstaff!
You die...

.... ....#.....###.
#...####. .........#..
....... ............
#....#######........ .
##..............##..
...###...................
.............#.#.........
..<.?..@...#.....#...#...
.......#@.....#......#...
./.....#..#.#...#.#..#...
....@..#......_..)...# ..
#......#..#.#...#.#..# ..
#......#......#......#
...........#.....#.....
.............#.#.......
..............


You could see Joseph.

Vanquished Creatures
  2 ice beasts
  A black bear (D:4)
  An ogre (D:5)
  A centaur (D:5)
  2 gnoll sergeants
  A scorpion (D:5)
  2 hounds
  3 jellies (D:6)
  2 orc priests (D:4)
  4 sleepcaps
  A gnoll bouda (D:6)
  Jessica (D:3)
  3 iguanas
  3 orc wizards
  9 adders
  18 gnolls
  A white imp (D:5)
  An adder zombie (D:3)
  2 worms
  3 dart slugs
  16 orcs
  9 ball pythons
  5 bats
  7 endoplasms
  2 giant cockroaches
  3 goblins
  13 hobgoblins
  10 jackals
  6 kobolds
  3 quokkas
  A ball python zombie (D:3)
  3 frilled lizards
  A quokka skeleton (D:3)
  5 rats
145 creatures vanquished.

Vanquished Creatures (others)
  24 fulminant prisms
24 creatures vanquished.

Grand Total: 169 creatures vanquished

Notes
Turn   | Place    | Note
-------+----------+-------------------------------------------
     0 | D:1      | magicsmoker the Djinni Conjurer began the quest for the
                  | Orb.
     0 | D:1      | magicsmoker set off with the following spells memorised:
                  | Magic Dart, Searing Ray, Dazzling Flash, Fulminant Prism,
                  | Iskenderun's Mystic Blast.
     0 | D:1      | Reached XP level 1. HP: 15/15 MP: 0/0
   276 | D:1      | Reached XP level 2. HP: 21/22 MP: 0/0
   752 | D:2      | Reached XP level 3. HP: 17/26 MP: 0/0
   752 | D:2      | Learned a level 1 spell: Foxfire
   894 | D:2      | Reached skill level 1 in Fighting
   926 | D:2      | Reached skill level 4 in Spellcasting
   972 | D:2      | Reached XP level 4. HP: 30/32 MP: 0/0
  1699 | D:3      | Reached XP level 5. HP: 36/38 MP: 0/0
  1699 | D:3      | Learned a level 2 spell: Lesser Beckoning
  1886 | D:3      | Noticed Jessica
  1900 | D:3      | Killed Jessica
  2285 | D:4      | Reached XP level 6. HP: 30/46 MP: 0/0
  2420 | D:4      | Found a staircase to the Ecumenical Temple.
  2429 | Temple   | Entered the Ecumenical Temple
  2434 | Temple   | Became a worshipper of Makhleb the Destroyer
  2454 | D:4      | Reached skill level 5 in Spellcasting
  2493 | D:4      | HP: 1/46 [orc priest/divine providence (14)]
  2733 | D:4      | Noticed a black bear
  2741 | D:4      | Killed a black bear
  2742 | D:4      | Reached XP level 7. HP: 28/50 MP: 0/0
  2742 | D:4      | Learned a level 2 spell: Blink
  3056 | D:4      | Reached skill level 6 in Spellcasting
  3437 | D:4      | Found a hide-covered altar of Uskayaw.
  3618 | D:5      | Entered Level 5 of the Dungeon
  3688 | D:5      | Reached * piety under Makhleb
  3905 | D:5      | Reached XP level 8. HP: 36/56 MP: 0/0
  4113 | D:5      | Reached skill level 7 in Spellcasting
  4685 | D:6      | Reached ** piety under Makhleb
  4686 | D:6      | Reached skill level 1 in Shields
  4750 | D:6      | Found a snail-covered altar of Cheibriados.
  4864 | D:6      | Found a blossoming altar of Fedhas.
  4929 | D:6      | Found a basalt altar of Yredelemnul.
  4929 | D:6      | Found a shadowy altar of Dithmenos.
  4999 | D:6      | Reached skill level 8 in Spellcasting
  5074 | D:6      | Reached XP level 9. HP: 58/60 MP: 0/0
  5074 | D:6      | Learned a level 3 spell: Ignite Poison
  5443 | D:7      | Found Itesar's Assorted Antiques.
  5458 | D:7      | Bought a slimy robe for 108 gold pieces
  5458 | D:7      | Identified the +0 robe of Hedonism {rF+ Int+5} (You bought
                  | it in a shop on level 7 of the Dungeon)
  5458 | D:7      | Bought a lumpy cyan potion for 17 gold pieces
  5458 | D:7      | Bought a golden potion for 17 gold pieces
  5458 | D:7      | Bought a white potion for 17 gold pieces
  5525 | D:7      | Noticed Joseph
  5535 | D:7      | HP: 2/60 [Joseph/+0 quarterstaff (6)]
  5537 | D:7      | Mangled by Joseph

Illustrated notes

Levels and vault maps discovered:
D:1:      saegor_arrival_simple_d, layout_loops_ring, eino_curves_02
D:2:      layout_basic, minmay_misc_feat_pillars, minmay_tromino_v2
D:3:      layout_basic, serial_undead, serial_undead_f, serial_undead_d,
          serial_undead_d, serial_undead_f, uniq_jessica
D:4:      layout_loops_ring, mainiacjoe_overflow_alcove_4,
          nicolae_sif_muna_little_library, minmay_temple_entry_gardened_gates,
          minmay_misc_feat_alley
D:5:      layout_basic
D:6:      layout_layer_cave, gammafunk_temple_overflow_wave,
          fedhas_altar_fruit_tree, mainiacjoe_overflow_surrounded_room
D:7:      layout_cave_pools, nicolae_vehumet_radiance, serial_shops,
          nicolae_diamond_shop, shop, shop, shop, nicolae_take_the_stairs,
          uniq_crazy_yiuf_cottage, uniq_joseph
Temple:   nicolae_temple_bog_church

Skill      XL: |  1  2  3  4  5  6  7  8  9 |
---------------+----------------------------+-----
Fighting       | 1 2 3 |  3.0
Spellcasting   | 4 5 6 8 |  8.0
Shields        | 2 3 |  3.9
Dodging        | |  2.1
Stealth        | |  1.5

Action                     |  1- 3 |  4- 6 |  7- 9 || total
---------------------------+-------+-------+-------++-------
   Cast: Magic Dart        |    14 |       |     1 ||    15
         Searing Ray       |    18 |    52 |    43 ||   113
         Dazzling Flash    |       |     1 |     1 ||     2
         Fulminant Prism   |       |       |    24 ||    24
    Use: Potion            |       |     3 |     1 ||     4
         Scroll            |       |       |     6 ||     6
 Armour: Robe              |     2 |    15 |     7 ||    24
  Dodge: Dodged            |     4 |    38 |    25 ||    67
  Block: Buckler           |       |       |     1 ||     1
